 Dungeon Crawl Stone Soup version 0.24.0-37-gcf1ca852f1 (webtiles) character file.

Game seed: 492231851197752085, levelgen mode: deterministic

84600 Heliosone the Black Belt (level 15, -8/129 HPs)
             Began as a Merfolk Transmuter on Dec 6, 2019.
             Was the Champion of Makhleb.
             Blown up by a cacodemon (40 damage)
             ... with a bolt of energy
             ... summoned by the player character
             ... on level 13 of the Dungeon.
             The game lasted 01:55:20 (37249 turns).

Heliosone the Black Belt (Merfolk Transmuter)      Turns: 37249, Time: 01:55:21

Health: -8/129     AC: 10    Str: 13 (14) XL:     15   Next: 81%
Magic:  27/27      EV: 24    Int: 19      God:    Makhleb [******]
Gold:   1152       SH:  0    Dex: 18 (19) Spells: 20/30 levels left

rFire    . . .     SeeInvis +     - Unarmed
rCold    . . .     Gourm    .   (no shield)
rNeg     . . .     Faith    .   b - +0 acid dragon scales
rPois    .         Spirit   .   (helmet restricted)
rElec    .         Reflect  .   (no cloak)
rCorr    +         Harm     .   y - +0 pair of gloves
MR       +....     Rnd*Rage +   N - +0 pair of boots
Stlth    ++........             v - amulet of the acrobat
HPRegen  0.31/turn              S - ring of Fowki {Wiz Int+4}
MPRegen  0.20/turn              Q - ring of Saedil {Wiz Dex+2}

@: berserk cooldown, slowed, invisible, very slow
A: change form in water, swift swim, stealthy swim, antennae 1, molten scales 1,
thin skeletal structure 1, see invisible, berserk 1, deterioration 1, evolution
1, MP-powered wands, sturdy frame 1
a: Minor Destruction, Lesser Servant of Makhleb, Major Destruction, Greater
Servant of Makhleb, Renounce Religion


You were on level 13 of the Dungeon.
You worshipped Makhleb.
Makhleb was exalted by your worship.
You were not hungry.

You visited 4 branches of the dungeon, and saw 22 of its levels.
You also visited: Sewer.

You collected 1980 gold pieces.
You spent 828 gold pieces at shops.

Inventory:

Missiles
 a - 33 arrows
 i - 26 boomerangs (quivered)
 z - 2 throwing nets
Armour
 b - +0 acid dragon scales (worn)
 y - a +0 pair of gloves (worn)
 N - a +0 pair of boots (worn)
Jewellery
 v - an amulet of the acrobat (around neck)
 Q - the ring of Saedil (right hand) {Wiz Dex+2}
   (You found it on level 3 of the Lair of Beasts)

   [ring of wizardry]

   It improves your spell success rate.
   It affects your dexterity (+2).
 S - the ring of Fowki (left hand) {Wiz Int+4}
   (You found it on level 12 of the Dungeon)

   [ring of wizardry]

   It improves your spell success rate.
   It affects your intelligence (+4).
Wands
 F - a wand of scattershot (3)
 Z - a wand of iceblast (18)
Scrolls
 c - 3 scrolls of enchant armour {unknown}
 m - a scroll of fog {unknown}
 r - 2 scrolls of teleportation
 t - 5 scrolls of amnesia
 w - 7 scrolls of remove curse
 x - a scroll of noise {unknown}
 K - 2 scrolls of blinking {unknown}
 O - 4 scrolls of identify
Potions
 h - 12 potions of curing
 j - a potion of resistance {unknown}
 k - 2 potions of agility {unknown}
 o - 4 potions of flight
 q - 5 potions of might
 s - 11 potions of heal wounds
 u - 3 potions of magic {unknown}
 B - 2 potions of ambrosia {unknown}
 C - 2 potions of invisibility
 H - a potion of cancellation {unknown}
 I - 2 potions of haste
 M - 2 potions of lignification {unknown}
 U - a potion of berserk rage
Comestibles
 d - 22 rations
 f - a chunk of flesh


   Skills:
 - Level 15.0 Fighting
 - Level 15.0 Dodging
 + Level 15.4 Unarmed Combat
 - Level 8.4 Spellcasting
 - Level 6.0 Transmutations
 - Level 6.4 Ice Magic
 - Level 1.9 Poison Magic
 - Level 11.0 Invocations


You had 20 spell levels left.
You knew the following spells:

 Your Spells              Type           Power        Failure   Level  Hunger
a - Beastly Appendage     Tmut           ####..       1%          1    None
b - Spider Form           Tmut/Pois      ###.......   1%          3    None
c - Sticks to Snakes      Tmut           ####....     1%          2    None
d - Ice Form              Ice/Tmut       ####....     2%          4    ###....

Your spell library contained the following spells:

 Spells                   Type           Power        Failure   Level  Hunger
 Passwall                 Tmut/Erth      ###.....     1%          2    None
 Animate Skeleton         Necr           N/A          2%          1    None
 Apportation              Tloc           #.....       2%          1    None
 Confusing Touch          Hex            #.....       2%          1    None
 Corona                   Hex            #......      2%          1    None
 Magic Dart               Conj           #...         2%          1    None
 Pain                     Necr           #...         2%          1    None
 Summon Small Mammal      Summ           #...         2%          1    None
 Corpse Rot               Necr           N/A          4%          2    None
 Searing Ray              Conj           #.....       4%          2    None
 Slow                     Hex            #.......     4%          2    None
 Song of Slaying          Chrm           #.......     4%          2    None
 Swiftness                Chrm/Air       #.......     4%          2    None
 Throw Flame              Conj/Fire      #.....       4%          2    None
 Blade Hands              Tmut           ####......   6%          5    #####..
 Confuse                  Hex            #.......     9%          3    None
 Conjure Flame            Conj/Fire      #.......     9%          3    None
 Dazzling Spray           Conj/Hex       #.....       9%          3    None
 Inner Flame              Hex/Fire       #.......     9%          3    None
 Portal Projectile        Hex/Tloc       #.....       9%          3    None
 Regeneration             Chrm/Necr      #.........   9%          3    None
 Spectral Weapon          Hex/Chrm       #.......     9%          3    None
 Vampiric Draining        Necr           #.........   9%          3    None
 Irradiate                Conj/Tmut      ###.......   21%         5    #####..
 Yara's Violent Unravell  Hex/Tmut       ###.......   21%         5    #####..
 Animate Dead             Necr           N/A          24%         4    ###....
 Cause Fear               Hex            #.........   24%         4    ###....
 Force Lance              Conj/Tloc      #.......     24%         4    ###....
 Fulminant Prism          Conj/Hex       #.........   24%         4    ###....
 Iskenderun's Mystic Bla  Conj           #.......     24%         4    ###....
 Leda's Liquefaction      Hex/Erth       #.........   24%         4    ###....
 Passage of Golubria      Tloc           N/A          24%         4    ###....
 Hydra Form               Tmut           ####......   30%         6    ######.
 Bolt of Draining         Conj/Necr      #.........   54%         5    #####..
 Borgnjor's Vile Clutch   Necr/Erth      #.........   54%         5    #####..
 Fireball                 Conj/Fire      #.........   54%         5    #####..
 Lee's Rapid Deconstruct  Erth           #.........   54%         5    #####..
 Freezing Cloud           Conj/Ice/Air   ###.......   82%         6    ######.
 Dragon Form              Tmut           ####......   83%         7    #######
 Conjure Ball Lightning   Conj/Air       #.........   97%         6    ######.
 Darkness                 Hex            #.........   97%         6    ######.
 Death Channel            Necr           #.........   97%         6    ######.
 Deflect Missiles         Chrm/Air       #.........   97%         6    ######.
 Invisibility             Hex            #.......     97%         6    ######.
 Iron Shot                Conj/Erth      #.........   97%         6    ######.
 Shadow Creatures         Summ           N/A          97%         6    ######.
 Ring of Flames           Chrm/Fire      #.........   100%        7    #######


Dungeon Overview and Level Annotations

Branches:
Dungeon (13/15)            Temple (1/1) D:6            Lair (6/6) D:8
  Swamp (0/4) Lair:3        Snake (0/4) Lair:2        Slime (0/5) Lair:6
    Orc (2/2) D:12            Elf (0/3) Orc:2        Vaults (0/5) D:13
  Sewer (visited)

Altars:
Ashenzari
Cheibriados
Dithmenos
Elyvilon
Fedhas
Gozag
Hepliaklqana
Kikubaaqudgha
Makhleb
Nemelex Xobeh
Okawaru
Qazlal
Ru
Sif Muna
Trog
Uskayaw
Vehumet
Wu Jian
Xom
Yredelemnul
Zin
The Shining One
Jiyva

Shops:
D:4 :[:   D:8 [*   Orc:2 }[!(:

Annotations:
Lair:1 exclusion: hydra


Innate Abilities, Weirdness & Mutations

You revert to your normal form in water.
You are very nimble and swift while swimming.
You are very stealthy in the water. (Stealth+)
You have a pair of small antennae on your head.
You are partially covered in molten scales. (AC +2)
You have a somewhat thin skeletal structure. (Dex +2, Stealth)
You have supernaturally acute eyesight. (SInv)
You tend to lose your temper in combat.
Your body sometimes deteriorates upon taking damage.
You evolve.
You expend magic power (3 MP) to strengthen your wands.
Your movements are slightly less encumbered by armour. (ER -2)


Message History

Okay, then.
Okay, then.
You feel much better. The bullfrog completely misses you.
The red ugly thing completely misses you.
The bullfrog misses you. The cacodemon gestures next to you.
Some rock shatters into small pieces.
Press: ? - help, v - describe, . - travel
Here: a cacodemon (summoned)
The floor.
Okay, then.
You fade into invisibility!
The bullfrog hits you.
* * * LOW HITPOINT WARNING * * *
The red ugly thing trunk-slaps you but does no damage.
The bullfrog completely misses you. The red ugly thing misses you.
The bullfrog completely misses you. The cacodemon gestures at you.
The bolt of energy hits you!!!
You die...

#...(#
.#.##.#.# ...
#...# ...##..#
#.z#..# ..#..#
#####...#
......F.#
##2@# ##u#
######Oh.###
...........#
...........#
............
.........).#.
...........###
...........#


You could see a cacodemon, a red ugly thing, an ogre, a bullfrog, a hound and a
wight.

Vanquished Creatures
  A deep elf sorcerer (D:12)
  Fannar (Lair:2)
  A hydra (Lair:6)
  8 two-headed ogres
  A catoblepas (Lair:6)
  The ghost of nano the Quickloader, a journeyman KoHu of Okawaru (Lair:1)
  A dancing weapon (Lair:1)
  2 centaur warriors (D:13)
  A queen ant (Lair:6)
  13 death yaks
  A vampire mage (D:12)
  3 orc high priests (Orc:2)
  Urug (D:10)
  Sonja (D:13)
  An unseen horror (D:12)
  5 orc knights
  4 deep elf magi (D:12)
  Pikel (D:7)
  A lindwurm (Lair:6)
  An ugly thing (D:12)
  8 orc sorcerers
  2 manticores (Lair:6)
  A black mamba (Lair:4)
  13 elephants
  A centaur zombie (D:10)
  Maurice (Orc:1)
  5 spiny frogs
  5 naga magi (D:12)
  A gargoyle (D:12)
  4 komodo dragons
  A rime drake (Lair:6)
  A kobold demonologist (D:11)
  4 trolls
  4 polar bears
  5 dream sheep (Lair:6)
  5 hippogriffs
  11 blink frogs
  84 yaks
  A spriggan (D:7)
  5 wyverns
  2 basilisks (D:12)
  2 water elementals (D:13)
  2 wraiths
  13 humans
  4 vampire mosquitoes (D:12)
  A steam dragon (D:10)
  A neqoxec (D:7)
  2 hungry ghosts (D:12)
  3 nagas (Lair:2)
  17 soldier ants
  Duvessa (D:6)
  A floating eye (D:12)
  An acid dragon (D:11)
  5 porcupines
  13 water moccasins
  3 black bears
  2 slaves (D:7)
  2 ice beasts
  18 orc warriors
  2 sky beasts
  Purgy (Sewer)
  11 ogres
  A necrophage (D:10)
  3 phantoms
  6 wolves (Lair:6)
  5 centaurs
  12 crocodiles
  5 big kobolds
  22 bullfrogs
  Dowan (D:6)
  A water moccasin zombie (D:5)
  2 scorpions
  A wyvern skeleton (D:6)
  7 killer bees
  15 wights
  2 electric eels (D:13)
  2 howler monkeys (D:11)
  3 vampire bats (Lair:4)
  5 crimson imps
  A bullfrog zombie (D:12)
  A lava snake (Orc:2)
  6 hounds
  15 orc priests
  5 centaur skeletons
  5 jellies
  31 orc wizards
  A gnoll shaman (D:8)
  2 iron imps (D:7)
  2 iguanas (D:9)
  6 hell rats (Lair:3)
  24 worker ants
  3 worker ant zombies
  9 adders
  8 gnolls
  2 howler monkey skeletons
  3 shadow imps
  2 oozes (D:2)
  2 adder skeletons (D:6)
  An adder zombie (D:5)
  7 worms
  3 dart slugs
  6 leopard geckos
  71 orcs
  10 bats
  6 giant cockroaches
  8 goblins
  4 hobgoblins
  4 jackals (D:2)
  4 quokkas
  8 ball pythons
  4 frilled lizards
  A jackal skeleton (D:5)
  29 kobolds
  A quokka skeleton (D:6)
  13 rats
  6 rat zombies (D:5)
725 creatures vanquished.

Vanquished Creatures (collateral kills)
  Rupert (D:12)
  An entropy weaver (Lair:6)
  Erolcha (D:11)
  2 catoblepae (Lair:6)
  Nergalle (D:11)
  A yak (Lair:6)
  3 humans (D:12)
  An ogre (D:4)
  A leopard gecko (D:5)
  3 orcs
  A goblin (D:3)
16 creatures vanquished.

Vanquished Creatures (others)
  A slave (D:7)
  An iron imp (D:7)
  A hound skeleton (D:8)
  An adder skeleton (D:8)
  2 orcs (Orc:1)
  3 bushes
  31 fungi
  17 plants
57 creatures vanquished.

Grand Total: 798 creatures vanquished

Notes
Turn   | Place    | Note
-------+----------+-------------------------------------------
     0 | D:1      | Heliosone the Merfolk Transmuter began the quest for the
                  | Orb.
     0 | D:1      | Reached XP level 1. HP: 15/15 MP: 3/3
   131 | D:1      | You fall into a shaft and drop 1 floor!
   165 | D:2      | Reached XP level 2. HP: 14/21 MP: 3/5
   685 | D:1      | Reached XP level 3. HP: 23/26 MP: 4/6
   890 | D:1      | Learned a level 3 spell: Spider Form
   895 | D:1      | Learned a level 2 spell: Sticks to Snakes
  1018 | D:1      | Reached skill level 1 in Poison Magic
  1759 | D:2      | Reached XP level 4. HP: 29/33 MP: 7/7
  1988 | D:2      | Found a shattered altar of Ashenzari.
  2000 | D:2      | Found a stormy altar of Qazlal.
  2448 | D:3      | Reached XP level 5. HP: 18/39 MP: 4/8
  2826 | D:3      | Found a glowing golden altar of the Shining One.
  3050 | D:4      | Noticed an ogre
  3070 | D:4      | Killed an ogre
  3236 | D:4      | Reached XP level 6. HP: 47/47 MP: 4/9
  3270 | D:4      | Found a glowing drain.
  3288 | Sewer    | Entered a sewer
  3436 | Sewer    | Noticed Purgy
  3461 | Sewer    | Killed Purgy
  3907 | D:4      | Found Sizxob's Book Emporium.
  3918 | D:4      | Reached skill level 5 in Dodging
  3918 | D:4      | Reached skill level 5 in Unarmed Combat
  3924 | D:4      | Reached XP level 7. HP: 32/53 MP: 5/10
  4166 | D:4      | Found a snail-covered altar of Cheibriados.
  4166 | D:4      | Found a shimmering blue altar of Sif Muna.
  4335 | D:4      | Found Sycaorhep's Book Boutique.
  4748 | D:4      | Found Baarr's Armour Shoppe.
  4899 | D:5      | Entered Level 5 of the Dungeon
  5502 | D:5      | Found an ancient bone altar of Kikubaaqudgha.
  5775 | D:4      | Reached skill level 5 in Fighting
  5919 | D:5      | Reached XP level 8. HP: 52/62 MP: 4/11
  5981 | D:5      | Learned a level 4 spell: Ice Form
  6129 | D:5      | Reached skill level 1 in Ice Magic
  6405 | D:6      | Reached skill level 5 in Transmutations
  6590 | D:6      | Found a staircase to the Ecumenical Temple.
  6599 | D:6      | Noticed Duvessa
  6642 | D:6      | HP: 2/62 [Duvessa/+0 short sword (12)]
  6661 | D:6      | Killed Duvessa
  6700 | D:6      | Noticed Dowan
  7215 | D:6      | Killed Dowan
  7425 | D:6      | Reached XP level 9. HP: 69/69 MP: 9/12
  7632 | Temple   | Entered the Ecumenical Temple
  7803 | Temple   | Became a worshipper of Nemelex Xobeh the Trickster
  8138 | D:7      | Received a gift from Nemelex Xobeh
  8155 | D:7      | Noticed Pikel
  8161 | D:7      | Found a burning altar of Makhleb.
  8195 | D:7      | Killed Pikel
  8195 | D:7      | Reached skill level 5 in Ice Magic
  8220 | D:7      | Fell from the grace of Nemelex Xobeh
  8220 | D:7      | Became a worshipper of Makhleb the Destroyer
  8761 | D:7      | Found an ornate altar of the Wu Jian Council.
  8949 | D:7      | Gained mutation: You tend to lose your temper in combat. [a
                  | neqoxec]
  8953 | D:7      | Gained mutation: You often lose your temper in combat. [a
                  | neqoxec]
  9116 | D:7      | Noticed a moth of wrath
  9139 | D:7      | Found a bloodstained altar of Trog.
  9494 | D:8      | Found Wuempebb's Armour Emporium.
  9550 | D:8      | Noticed a two-headed ogre
 10156 | D:8      | Killed a two-headed ogre
 10156 | D:8      | Reached XP level 10. HP: 55/80 MP: 3/13
 10292 | D:8      | Found a sacrificial altar of Ru.
 10347 | D:8      | Reached * piety under Makhleb
 10803 | D:8      | Found a staircase to the Lair.
 11151 | D:8      | Found Qudeduoz's Demolitions Depot.
 12387 | D:9      | Reached skill level 10 in Dodging
 13301 | D:10     | Entered Level 10 of the Dungeon
 13409 | D:10     | Reached ** piety under Makhleb
 13894 | D:9      | XOM: give mutations
 13894 | D:9      | Gained mutation: You have an uncontrollable temper. [Xom's
                  | mischief]
 13894 | D:9      | Gained mutation: You evolve. [Xom's mischief]
 13894 | D:9      | Gained mutation: Your body sometimes deteriorates upon
                  | taking damage. [Xom's mischief]
 14615 | D:9      | Reached XP level 11. HP: 84/89 MP: 14/14
 14898 | D:10     | Reached skill level 10 in Unarmed Combat
 15043 | D:10     | Was forgiven by Nemelex Xobeh
 15238 | D:10     | Noticed a green ugly thing
 15350 | Lair:1   | Entered Level 1 of the Lair of Beasts
 15449 | Lair:1   | Noticed an eight-headed hydra
 15476 | Lair:1   | Found a runed translucent door.
 15476 | Lair:1   | Found a shimmering altar of Xom.
 15476 | Lair:1   | Noticed a +1 long sword of chaos
 15476 | Lair:1   | Noticed nano's ghost (journeyman KoHu)
 15794 | Lair:1   | Gained mutation: You have a somewhat thin skeletal
                  | structure. (Dex +2, Stealth) [evolution]
 16629 | Lair:2   | Found a shimmering altar of Xom.
 16718 | Lair:2   | Found a staircase to the Snake Pit.
 16784 | Lair:2   | Reached skill level 10 in Fighting
 17062 | Lair:2   | Reached skill level 1 in Invocations
 17511 | Lair:2   | Identified the Papyrus of Conjuration
 17810 | Lair:2   | Noticed Fannar
 18621 | Lair:2   | Killed Fannar
 18864 | Lair:3   | Noticed a death yak
 18864 | Lair:3   | Noticed a death yak
 18864 | Lair:3   | Noticed a death yak
 18864 | Lair:3   | Noticed a death yak
 19434 | Lair:3   | Found a staircase to the Swamp.
 19493 | Lair:3   | Got a pitted steel ring
 19588 | Lair:3   | Reached XP level 12. HP: 91/99 MP: 17/17
 19794 | Lair:3   | Killed a death yak
 19940 | Lair:3   | Reached *** piety under Makhleb
 19975 | Lair:3   | Killed a death yak
 20411 | Lair:3   | Killed a death yak
 20411 | Lair:3   | Reached skill level 5 in Invocations
 20423 | Lair:3   | Killed a death yak
 20748 | Lair:2   | Identified the ring of Saedil {Wiz Dex+2} (You found it on
                  | level 3 of the Lair of Beasts)
 20969 | Lair:4   | Reached skill level 5 in Spellcasting
 22313 | Lair:4   | Reached **** piety under Makhleb
 22825 | Lair:4   | Gained mutation: You have a pair of small antennae on your
                  | head. [evolution]
 22999 | Lair:5   | Reached XP level 13. HP: 109/109 MP: 15/20
 23117 | Lair:5   | Got a creamy pearl robe
 23128 | Lair:5   | Identified the +2 robe of the Solstice {Stlth+} (You found
                  | it on level 5 of the Lair of Beasts)
 23935 | Lair:6   | Entered Level 6 of the Lair of Beasts
 24604 | Lair:6   | Gained mutation: You are dopey. (Int -2) [evolution]
 24895 | Lair:6   | Reached skill level 10 in Invocations
 25333 | Lair:6   | Reached ***** piety under Makhleb
 25663 | Lair:6   | Found a staircase to the Slime Pits.
 25663 | Lair:6   | Found a viscous altar of Jiyva.
 26058 | Lair:6   | Reached XP level 14. HP: 120/120 MP: 21/21
 26210 | Lair:6   | Noticed an entropy weaver
 26213 | Lair:6   | Noticed an entropy weaver
 28640 | Lair:6   | Killed an entropy weaver
 29122 | Lair:6   | Got a scorched battleaxe
 29414 | Lair:1   | Killed nano's ghost
 29623 | D:11     | Noticed Urug
 29640 | D:10     | Killed Urug
 30840 | D:11     | Noticed Erolcha
 30859 | D:11     | Killed Erolcha
 30859 | D:11     | Reached skill level 15 in Fighting
 30954 | D:11     | Noticed Nergalle
 30968 | D:11     | Killed Nergalle
 31048 | D:11     | Reached skill level 15 in Dodging
 31446 | D:12     | Found a staircase to the Orcish Mines.
 31641 | D:12     | Got a faintly glowing marble ring
 31972 | D:12     | Reached ****** piety under Makhleb
 32163 | D:12     | Reached XP level 15. HP: 129/129 MP: 22/24
 32241 | D:12     | Lost mutation: You have an uncontrollable temper. [potion
                  | of mutation]
 32241 | D:12     | Lost mutation: You are dopey. (Int -2) [potion of mutation]
 32241 | D:12     | Lost mutation: You often lose your temper in combat.
                  | [potion of mutation]
 32241 | D:12     | Gained mutation: You are partially covered in molten
                  | scales. (AC +2) [potion of mutation]
 32241 | D:12     | Gained mutation: You have supernaturally acute eyesight.
                  | (SInv) [potion of mutation]
 32241 | D:12     | Gained mutation: You expend magic power (3 MP) to
                  | strengthen your wands. [potion of mutation]
 32460 | D:12     | Identified the Disquisition on Assistive Combat Magic
 32595 | D:12     | Gained mutation: Your movements are slightly less
                  | encumbered by armour. (ER -2) [evolution]
 32606 | D:12     | Found a shimmering blue altar of Sif Muna.
 32655 | D:12     | Noticed a deep elf sorcerer
 32671 | D:12     | Killed a deep elf sorcerer
 32680 | D:12     | Identified the Papyrus of Mutagenic Fire
 32682 | D:12     | Identified the Tome of the Mutagenic Arsonist
 32705 | D:12     | Identified Xaikief's Papyrus of Necromancy
 32707 | D:12     | Identified the Reference Book on Supportive Enchantment
 32779 | D:12     | Identified Sif Muna's Reference Book on Execration
 33059 | D:13     | Found a gate to the Vaults.
 33059 | D:13     | Noticed Rupert
 33091 | Orc:1    | Entered Level 1 of the Orcish Mines
 33093 | Orc:1    | Noticed Maurice
 33109 | Orc:1    | Killed Maurice
 33469 | Orc:2    | Entered Level 2 of the Orcish Mines
 33469 | Orc:2    | Found Gittellant's Gadget Boutique.
 33598 | Orc:2    | Found a staircase to the Elven Halls.
 35249 | Orc:2    | Found Tikoehih's Antique Armour Emporium.
 35249 | Orc:2    | Found Dovvuu's Distillery.
 35251 | Orc:2    | Found Qeozeh's Weapon Emporium.
 35251 | Orc:2    | Found Eller's Book Shop.
 35264 | Orc:2    | Bought a potion of heal wounds for 90 gold pieces
 35264 | Orc:2    | Bought a potion of heal wounds for 90 gold pieces
 35264 | Orc:2    | Bought a potion of berserk rage for 90 gold pieces
 35264 | Orc:2    | Bought a potion of haste for 180 gold pieces
 35264 | Orc:2    | Bought a potion of heal wounds for 90 gold pieces
 35264 | Orc:2    | Bought a potion of brilliance for 72 gold pieces
 35264 | Orc:2    | Bought a potion of curing for 54 gold pieces
 35264 | Orc:2    | Bought a potion of curing for 54 gold pieces
 35264 | Orc:2    | Bought a potion of curing for 54 gold pieces
 35264 | Orc:2    | Bought a potion of curing for 54 gold pieces
 35267 | Orc:2    | Identified the ring of Fowki {Wiz Int+4} (You found it on
                  | level 12 of the Dungeon)
 35480 | Orc:1    | Found a shimmering altar of Xom.
 35985 | D:12     | Killed Rupert
 36480 | D:13     | Reached skill level 15 in Unarmed Combat
 37125 | D:13     | Noticed Sonja
 37213 | D:13     | Killed Sonja
 37247 | D:13     | Noticed a cacodemon
 37249 | D:13     | Blown up by a cacodemon

Levels and vault maps discovered:
D:1:      dpeg_arrival_snail, layout_rooms, serial_glass, glass_columns_a,
          glass_columns_b, glass_columns_a, chequers_serial_rivers_marsh
D:2:      layout_loops_cross, gammafunk_temple_overflow_pools, first_ration,
          dk_noncrumbling_2, guppyfry_early_orc_mine
D:3:      layout_loops_ring, nicolae_tso_swordbearing_angel
D:4:      layout_basic, gammafunk_temple_overflow_wave,
          cheibrodos_sewer_entry_bend, serial_shops, shop, shop_statue,
          shop_statue
D:5:      layout_basic, lemuel_zombie_altar_kikubaaqudgha
D:6:      layout_loops_ring, minmay_temple_entry_mini_moons, uniq_duvessa
D:7:      layout_basic, tgw_trog, lemuel_crystal_altar, demons_altar,
          the_bakery, uniq_pikel
D:8:      layout_loops_ring, kennysheep_little_box, dpeg_oklobed_lair,
          serial_shops, nicolae_shop_waterfront, nicolae_blasting_shop
D:9:      layout_basic
D:10:     layout_basic, minmay_chambers_of_fives
D:11:     layout_long_grid, serial_rivers, chequers_serial_rivers_small_a,
          chequers_serial_rivers_micro_a, chequers_serial_rivers_marsh,
          chequers_serial_rivers_micro_a, uniq_nergalle, uniq_erolcha, uniq_urug
D:12:     evilmike_library_of_no_secrets, layout_stronghold, onia_ninara_cookie
D:13:     minmay_the_grid_triangle_9x9_line_8_mashed
          [minmay_the_grid_triangle_9x9_swiss_cheese,
          minmay_the_grid_triangle_9x9_corrupted_corridor,
          minmay_the_grid_triangle_9x9_corruption,
          minmay_the_grid_triangle_9x9_longest,
          minmay_the_grid_triangle_9x9_empty,
          minmay_the_grid_triangle_9x9_descending_squares,
          minmay_the_grid_triangle_9x9_minimal,
          minmay_the_grid_triangle_9x9_prize_center], layout_basic,
          david_vaults_3, serial_shops, shop, uniq_sonja
Temple:   nicolae_temple_x_marks_the_god
Lair:1:   layout_layer_cave, ebering_ghost_xom
Lair:2:   layout_long_grid, guppyfry_snake_entry_garden, basic_altar,
          uniq_fannar
Lair:3:   layout_concentric_octagons, swamp_mist_pool, serial_bayou_shore_b
Lair:4:   layout_cave_pods, roderic_batcave, minivault_23,
          infiniplex_staircase_pool_2, grunt_megastairs_5, serial_bayou_shore_b
Lair:5:   layout_loops_ring, beast_lair_carwin_6
Lair:6:   evilmike_catoblepas_cave, layout_loops_ring, slime_altar_1,
          zaba_antful_of_joy, grunt_megastairs_3
Orc:1:    layout_caves, basic_altar, uniq_maurice
Orc:2:    grunt_orc_tribal_feast, layout_diamond_mine, serial_shops,
          nicolae_shop_waterfront, nicolae_orc_lava_tube

Skill      XL: |  1  2  3  4  5  6  7  8  9 10 11 12 13 14 15 |
---------------+----------------------------------------------+-----
Transmutations | 3 4 6 |  6.0
Poison Magic   | 1 |  1.9
Dodging        | 3 4 5 6 7 9 11 13 15 | 15.0
Fighting       | 2 3 5 7 9 10 12 14 15 | 15.0
Unarmed Combat | 4 5 6 8 9 11 13 15 | 15.4
Ice Magic      | 4 6 |  6.4
Invocations    | 4 8 10 11 | 11.0
Spellcasting   | 3 5 6 8 |  8.4

Action                   |  1- 3 |  4- 6 |  7- 9 | 10-12 | 13-15 || total
-------------------------+-------+-------+-------+-------+-------++-------
Melee: Unarmed           |   123 |   159 |   349 |   610 |  1036 ||  2277
       Headbutt          |     9 |     1 |       |     1 |       ||    11
       Punch             |       |     2 |     1 |    10 |     6 ||    19
       Staff             |       |       |       |    62 |    31 ||    93
       Tailslap          |       |       |       |       |     3 ||     3
Throw: Boomerang         |       |       |     3 |       |       ||     3
       Dart              |       |       |     3 |     9 |     4 ||    16
 Cast: Beastly Appendage |    14 |     2 |       |     2 |       ||    18
       Spider Form       |     2 |    13 |    43 |    38 |     3 ||    99
       Sticks to Snakes  |     2 |    14 |    16 |     7 |       ||    39
       Ice Form          |       |       |     1 |    30 |    92 ||   123
Invok: Lesser Servant of |       |       |       |       |    18 ||    18
       Greater Servant o |       |       |       |       |     2 ||     2
  Use: Scroll            |       |     1 |       |    10 |    12 ||    23
       Potion            |       |       |       |       |     4 ||     4
 Stab: Distracted        |       |       |     1 |       |     1 ||     2
       Sleeping          |       |       |     1 |     5 |     4 ||    10
  Eat: Chunk             |     3 |     9 |    18 |    40 |    48 ||   118
       Ration            |       |       |     5 |     4 |     4 ||    13
Armor: Robe              |    42 |    10 |     5 |    16 |     6 ||    79
       Skin              |       |     7 |     5 |    33 |   108 ||   153
       Acid dragon scale |       |       |       |       |     7 ||     7
Dodge: Dodged            |   110 |   145 |   267 |   555 |   929 ||  2006
